 Dungeon Crawl Stone Soup version 0.29.1-1-gd02db69 (webtiles) character file.

Game seed: 1181936246985899243

9 Timinator the Insei (level 1, 0/24 HPs)
             Began as a Demigod Transmuter on Jan 20, 2023.
             Succumbed to a goblin's poison
             ... on level 1 of the Dungeon.
             The game lasted 00:00:47 (177 turns).

Timinator the Insei (Demigod Transmuter)             Turns: 177, Time: 00:00:47

Health: 0/24       AC: 20    Str: 11    XL:     1   Next: 86%
Magic:  4/5        EV:  2    Int: 15    God:
Gold:   6          SH:  0    Dex: 14    Spells: 2/3 levels left

rFire   . . .      SeeInvis .     - Unarmed
rCold   . . .      Faith    .   (no shield)
rNeg    . . .      Spirit   .   (body armour currently unavailable)
rPois   +          Reflect  .   (helmet currently unavailable)
rElec   .          Harm     .   (cloak currently unavailable)
rCorr   .          Rampage  .   (gloves currently unavailable)
Will    .....      NoTele   +   (boots currently unavailable)
Stlth   +.........              (no amulet)
HPRegen 0.08/turn               (no ring)
MPRegen 0.09/turn               (no ring)

@: lethally poisoned (0 -> -2), tree-form
A: stationary, stasis, torment immunity, boosted hp, high MP 1, forlorn, divine
attributes
a: no special abilities


You were on level 1 of the Dungeon.
You were a tree.
You visited 1 branch of the dungeon, and saw 1 of its levels.

You collected 6 gold pieces.

Inventory:

Armour
 a - a +0 robe (melded)


   Skills:
 + Level 1.0 Fighting
 + Level 0.2 Armour
 + Level 1.8 Dodging
 * Level 2.8 Unarmed Combat
 * Level 1.9 Spellcasting
 + Level 1.8 Transmutations


You had 2 spell levels left.
You knew the following spells:

 Your Spells              Type           Power      Damage    Failure   Level
a - Beastly Appendage     Tmut           14%        N/A       11%         1

Your spell library contained the following spells:

 Spells                   Type           Power      Damage    Failure   Level
 Wereblood                Tmut           7%         N/A       16%         2
 Spider Form              Tmut/Pois      4%         N/A       41%         3
 Ice Form                 Ice/Tmut       4%         N/A       83%         4


Dungeon Overview and Level Annotations

Branches:
Dungeon (1/15)


Innate Abilities, Weirdness & Mutations

You are a tree.
Your roots penetrate the ground, keeping you stationary.
You cannot be teleported.
You are immune to unholy pain and torment.
Your maximum health is greatly increased.
Your equipment is partially melded.
You have an increased reservoir of magic. (+10% MP)
You shall have no god before yourself.
Your divine heritage dramatically boosts your attributes as you level up.


Message History

You hit the goblin.
The goblin is moderately wounded.
The goblin closely misses you.
You barely miss the goblin. Your kick misses the goblin.
You headbutt the goblin.
The goblin is heavily wounded.
The goblin hits you but does no damage.
You are lethally poisoned!
You hit the goblin but do no damage. You headbutt the goblin.
You kill the goblin!
You feel sick.
You miss the frilled lizard.
Your transformation is almost over.
* * * LOW HITPOINT WARNING * * *
You feel sick.
You hit the frilled lizard.
You kill the frilled lizard!
* * * LOW HITPOINT WARNING * * *
You feel sick.
Okay, then.
There is a lethal amount of poison in your body!
There is a lethal amount of poison in your body!
There is a lethal amount of poison in your body!
* * * LOW HITPOINT WARNING * * *
You feel sick.
Really quaff the potion of lignification?
Your horns disappear.
Your talons disappear.
You turn into a tree.
Your +0 robe melds into your body.
Your roots penetrate the ground.
* * * LOW HITPOINT WARNING * * *
You feel sick.
There is a lethal amount of poison in your body!
There is a lethal amount of poison in your body!
There is a lethal amount of poison in your body!
There is a lethal amount of poison in your body!
There is a lethal amount of poison in your body!
There is a lethal amount of poison in your body!
* * * LOW HITPOINT WARNING * * *
You feel sick.
You die...

♣.....P.P.......#
###..##
....♣...........#
#....#
#.♣......P...P#.#
##.##.# .
..P.....♣♣.##.#
##..##.#
.......... ###.#
##..###.#
....#####†###..##
#.#
............#.##
#.#
###....###...#
#.#
........).♣..>#
.#
#.......#######
#.......+
#.......#
#.......#
......### ......
.....


There were no monsters in sight!

Vanquished Creatures
  2 bats (D:1)
  A goblin (D:1)
  2 jackals (D:1)
  A quokka (D:1)
  A frilled lizard (D:1)
7 creatures vanquished.

Notes
Turn   | Place    | Note
-------+----------+-------------------------------------------
     0 | D:1      | Timinator the Demigod Transmuter began the quest for the
                  | Orb.
     0 | D:1      | Reached XP level 1. HP: 15/15 MP: 5/5
   141 | D:1      | Reached skill level 1 in Fighting
   176 | D:1      | HP: 1/24 [poisoned by a goblin]
   177 | D:1      | Succumbed to a goblin's poison

Illustrated notes

Levels and vault maps discovered:
D:1:      wander_arrival_fairy_ring, layout_basic, basic_ecumenical_altar

Skill      XL: |  1 |
---------------+----+-----
Fighting       | 1 |  1.0
Armour         | |  0.2
Dodging        | |  1.8
Unarmed Combat | |  2.8
Spellcasting   | |  1.9
Transmutations | |  1.8

Action                   || total
-------------------------++-------
Melee: Unarmed           ||    29
       Kick              ||     6
       Headbutt          ||     3
 Cast: Beastly Appendage ||     4
  Use: Potion            ||     1
Armor: Robe              ||     5
Dodge: Dodged            ||    16
